 Dungeon Crawl Stone Soup version 0.29.1-1-gd02db6906a (webtiles) character file.

Game seed: 5567149261938900142

279 CertainDeath the Slasher (level 6, -6/55 HPs)
             Began as a Minotaur Monk on Oct 1, 2022.
             Splashed by a jelly's acid (8 damage)
             ... on level 4 of the Dungeon.
             The game lasted 00:06:26 (2568 turns).

CertainDeath the Slasher (Minotaur Monk)            Turns: 2568, Time: 00:06:27

Health: -6/55      AC: -6    Str: 15    XL:     6   Next: 5%
Magic:  5/5        EV:  8    Int:  7    God:
Gold:   182        SH:  0    Dex: 15    Spells: 5/5 levels left

rFire   . . .      SeeInvis .   a - +0 falchion
rCold   . . .      Faith    .   (no shield)
rNeg    + . .      Spirit   .   k - +0 chain mail
rPois   .          Reflect  .   (helmet restricted)
rElec   .          Harm     .   (no cloak)
rCorr   .          Rampage  .   (no gloves)
Will    .....                   (no boots)
Stlth   ..........              (no amulet)
HPRegen 0.18/turn               g - ring of positive energy
MPRegen 0.09/turn               (no ring)

@: corroded
A: horns 2, retaliatory headbutt
a: no special abilities


You were on level 4 of the Dungeon.
You visited 1 branch of the dungeon, and saw 4 of its levels.

You collected 182 gold pieces.

Inventory:

Hand Weapons
 a - a +0 falchion (weapon)
Missiles
 l - 6 poisoned darts (quivered)
Armour
 k - a +0 chain mail (worn)
Jewellery
 g - a ring of positive energy (left hand)
Scrolls
 d - a scroll of teleportation
 f - 5 scrolls of identify
 h - a scroll of poison
 j - 2 scrolls of amnesia
Potions
 b - a potion of invisibility
 c - a potion of ambrosia
 e - a potion of curing
 i - a potion of attraction
 m - 2 potions of might
 n - a potion of flight {unknown}


   Skills:
 + Level 4.8 Fighting
 * Level 5.9 Long Blades
 + Level 3.0 Armour
 + Level 4.4 Dodging
 - Level 1.5 Stealth


You had 5 spell levels left.
You didn't know any spells.
Your spell library was empty.

Dungeon Overview and Level Annotations

Branches:
Dungeon (4/15)
 Temple: D:4-7

Altars:
Cheibriados
Fedhas

Shops:
D:3 [


Innate Abilities, Weirdness & Mutations

You have a pair of horns on your head.
You reflexively headbutt those who attack you in melee.


Message History

You now have 177 gold pieces (gained 6).
There is a roughly hewn altar of Beogh here.
You now have 182 gold pieces (gained 5).
There is an open door, spattered with blood here.
Items here: )) [[ ††.
You see here a +0 trident.
A giant cockroach comes into view.
The giant cockroach attacks as you move away!
The giant cockroach bites you but does no damage.
You completely miss the giant cockroach.
Your headbutt misses the giant cockroach.
The giant cockroach bites you.
You hit the giant cockroach but do no damage.
You headbutt the giant cockroach.
You kill the giant cockroach!
Your Armour skill increases to level 3!
A jelly comes into view.
The jelly quivers.
There is a stone staircase leading up here.
You hit the jelly. The acid corrodes you!
Your hands burn!
The jelly is lightly wounded.
The jelly hits you but does no damage.
You hit the jelly but do no damage. The acid corrodes you!
Your hands burn!
The jelly is lightly wounded.
The jelly hits you.
You are splashed with acid!
You hit the jelly.
Your hands burn!
The jelly is moderately wounded.
The jelly hits you.
You are splashed with acid!
You hit the jelly but do no damage.
Your hands burn!
You headbutt the jelly, but do no damage.
The jelly is moderately wounded.
The jelly hits you. The acid corrodes you!
You are splashed with acid!
* * * LOW HITPOINT WARNING * * *
You hit the jelly. The acid corrodes you!
Your hands burn!
* * * LOW HITPOINT WARNING * * *
The jelly is moderately wounded.
The jelly hits you.
* * * LOW HITPOINT WARNING * * *
The acid corrodes you!
You are splashed with acid!
You die...

#.#.8.8.#.#
#.#.....#.#
#.#.8.8.#.#
#.##...##.#
#.###)###.########
#.###.###........###
#.....)..>.........#
#########......#.#....
.........@###...# . .
###....J.# ##..# .
#......#.......# .
#......#.###.#..# #
#......# #.......
#......# ########
#......# #......#
#......#


You could see a jelly.

Vanquished Creatures
  A centaur (D:3)
  An orc priest (D:4)
  Terence (D:3)
  2 orc wizards (D:4)
  A gnoll (D:3)
  3 adders
  A worm (D:2)
  A dart slug (D:2)
  An orc (D:3)
  5 bats
  12 endoplasms
  6 giant cockroaches
  A goblin (D:2)
  4 hobgoblins
  2 quokkas (D:1)
  A ball python (D:1)
  3 frilled lizards (D:3)
  3 kobolds
  5 rats
54 creatures vanquished.

Vanquished Creatures (others)
  A plant (D:3)
1 creature vanquished.

Grand Total: 55 creatures vanquished

Notes
Turn   | Place    | Note
-------+----------+-------------------------------------------
     0 | D:1      | CertainDeath the Minotaur Monk began the quest for the Orb.
     0 | D:1      | Reached XP level 1. HP: 19/19 MP: 0/0
   418 | D:1      | Reached XP level 2. HP: 27/27 MP: 1/1
   481 | D:1      | Reached skill level 4 in Long Blades
   753 | D:1      | Reached skill level 1 in Armour
   907 | D:2      | Reached XP level 3. HP: 17/33 MP: 2/2
  1716 | D:4      | Found a snail-covered altar of Cheibriados.
  1721 | D:4      | Identified the +0 robe "Anwuf" {+Blink rElec rC+ Int+4}
  1741 | D:3      | Found a blossoming altar of Fedhas.
  1791 | D:3      | Noticed a centaur
  1799 | D:3      | Reached XP level 4. HP: 35/40 MP: 3/3
  1801 | D:3      | Killed a centaur
  1802 | D:3      | Reached skill level 5 in Long Blades
  1802 | D:3      | Reached XP level 5. HP: 35/47 MP: 4/4
  1919 | D:3      | Found Detumm's Antique Armour Shop.
  2187 | D:3      | Noticed Terence
  2199 | D:3      | Killed Terence
  2396 | D:4      | Reached XP level 6. HP: 34/55 MP: 5/5
  2568 | D:4      | HP: 2/55 [jelly (3)]
  2568 | D:4      | Splashed by a jelly's acid

Illustrated notes

Levels and vault maps discovered:
D:1:      matt_arrival_los_fun, layout_basic
D:2:      layout_basic
D:3:      layout_basic, fedhas_altar_1, serial_shops, nicolae_shop_waterfront,
          uniq_terence
D:4:      layout_basic, cheibriados_altar_1, kennysheep_orc_chapel

Skill      XL: |  1  2  3  4  5  6 |
---------------+-------------------+-----
Long Blades    | 4 5 |  5.9
Armour         | 1 2 3 |  3.0
Fighting       | 4 |  4.8
Dodging        | 4 |  4.4
Stealth        | |  1.5

Action                   |  1- 3 |  4- 6 || total
-------------------------+-------+-------++-------
Melee: Falchion          |    94 |    51 ||   145
       Headbutt          |     9 |    12 ||    21
  Use: Scroll            |     7 |       ||     7
 Stab: Sleeping          |     4 |       ||     4
Armor: Robe              |     9 |       ||     9
       Chain mail        |    33 |    24 ||    57
Dodge: Dodged            |    48 |    20 ||    68
